 Dungeon Crawl Stone Soup version 0.32-a0-841-g4648e6c457 (webtiles) character file.

Game seed: 10517300970317442886

86 Griffin23 the Trooper (level 4, 0/8 HPs)
             Began as a Minotaur Fighter on Mar 26, 2024.
             Was an Initiate of Hepliaklqana.
             Slain by a gnoll
             ... wielding a +0 halberd
              (4 damage)
             ... on level 3 of the Dungeon.
             The game lasted 00:08:32 (22009 turns).

Griffin23 the Trooper (Minotaur Fighter)           Turns: 22009, Time: 00:08:34

Health: 0/8        AC:  8    Str: 23    XL:     4   Next: 27%
Magic:  3/3        EV:  8    Int:  5    God:    Hepliaklqana [......]
Gold:   144        SH:  4    Dex:  9    Spells: 3/3 levels left

rFire   . . .        a - +0 long sword
rCold   . . .        c - +0 buckler
rNeg    . . .        b - +1 scale mail
rPois   .            (helmet restricted)
rElec   .            (no cloak)
rCorr   .            (no gloves)
SInv    .            (no boots)
Will    .....        (no amulet) Stlth
                     (no ring)
HPRegen 0.21/turn    (no ring)
MPRegen 0.08/turn

%: no passive effects
@: bezotted
A: horns 2, retaliatory headbutt
a: Renounce Religion


You were on level 3 of the Dungeon.
You worshipped Hepliaklqana.
Hepliaklqana was noncommittal.
You visited 1 branch of the dungeon, and saw 3 of its levels.

You collected 144 gold pieces.

Inventory:

Hand Weapons
 a - a +0 long sword (weapon)
Armour
 b - a +1 scale mail (worn)
 c - a +0 buckler (worn)
Jewellery
 i - a +6 ring of intelligence
Scrolls
 l - 5 scrolls of identify {unknown}
 m - a scroll of fear
Potions
 d - a potion of might
 e - 2 potions of attraction {unknown}
 g - 2 potions of cancellation {unknown}
 h - a potion of magic {unknown}
 k - a potion of heal wounds {unknown}
 n - a potion of degeneration {unknown}


   Skills:
 + Level 4.4 Fighting
 + Level 3.5 Long Blades
 + Level 4.4 Armour
 + Level 4.3 Shields


You had 3 spell levels left.
You didn't know any spells.
Your spell library contained the following spells:

 Spells                   Type           Power      Damage    Failure   Level
 Ensorcelled Hibernation  Hex/Ice        0%         N/A       93%         2
 Passwall                 Erth           0%         N/A       99%         3
 Swiftness                Air            0%         N/A       99%         3


Dungeon Overview and Level Annotations

Branches:
Dungeon (3/15) Zot: 957

Altars:
Hepliaklqana
Nemelex Xobeh
Wu Jian

Shops:
D:2 *


Innate Abilities, Weirdness & Mutations

You have a pair of horns on your head.
You reflexively headbutt those who attack you in melee.


Message History

Zot will find you in 99 turns if you stay in this branch and explore no new floors.
You start waiting.
Zot's power touches on you...
Unknown command.
You have lingered too long.
Zot senses you.
Dive deeper or flee this branch before you suffer!
Things that are here:
a +0 dagger; 4 stones; a kobold skeleton
Things that are here:
a +0 dagger; 4 stones; a kobold skeleton You are a level 4 Minotaur Fighter.
You are 27% of the way to level 5.
Play time: 00:08:21 (21981 turns).
Zot will find you in 987 turns if you stay in this branch and explore no new floors.
Unknown command.
The gnoll shouts!
A gnoll is nearby!
Unknown command.
The gnoll barely misses you. You block the gnoll's attack.
You hit the gnoll.
The gnoll is moderately wounded.
The gnoll barely misses you.
You barely miss the gnoll.
The gnoll is lightly wounded.
The gnoll barely misses you. The gnoll hits you with a +0 halberd.
Ouch! That really hurt!
You are too injured to fight recklessly!
You are too injured to fight recklessly!
You are too injured to fight recklessly!
You are too injured to fight recklessly!
You are too injured to fight recklessly!
You hit the gnoll.
The gnoll is severely wounded.
The gnoll closely misses you.
You hit the gnoll.
You headbutt the gnoll, but do no damage.
The gnoll is almost dead.
The gnoll hits you with a +0 halberd.
Ouch! That really hurt!
You die...
Hepliaklqana delivers you to your ancestors.

##...÷.##...##.##.# #.....
##...#####.##.##.# #.####
##)### ##.##.##.####.####
#######.#.###...#.##..........
................#.##..###.####
#######...###...#.##..# #.# #
##..# #####.....# #.####
#..#######..##.###.....
#...gg@.............###
#.#######...........# # #.#
#......###### # #.# #......# #
#.# #.....## # #.# #.÷...# #
#.#######.#.### #
#.........#.# #
###########.##### #


You could see 2 gnolls.

Vanquished Creatures
  A gnoll (D:3)
  2 adders
  2 dart slugs (D:2)
  A ribbon worm (D:2)
  An orc (D:3)
  3 ball pythons
  2 bats
  3 endoplasms (D:2)
  3 giant cockroaches
  7 goblins
  8 hobgoblins
  3 quokkas
  3 frilled lizards
  6 kobolds
  3 rats
48 creatures vanquished.

Notes
Turn   | Place    | Note
-------+----------+-------------------------------------------
     0 | D:1      | Griffin23 the Minotaur Fighter began the quest for the Orb.
     0 | D:1      | Reached XP level 1. HP: 19/19 MP: 0/0
   338 | D:1      | Reached XP level 2. HP: 27/27 MP: 1/1
  4992 | D:1      | Glimpsed the power of Zot.
  5487 | D:1      | Glimpsed the power of Zot.
  5887 | D:1      | Glimpsed the power of Zot.
  5987 | D:1      | Touched by the power of Zot (MHP 27 -> 20)
  5988 | D:1      | Glimpsed the power of Zot.
  6488 | D:1      | Glimpsed the power of Zot.
  6597 | D:2      | Reached XP level 3. HP: 25/25 MP: 2/2
  6652 | D:2      | Found a sparkling altar of Nemelex Xobeh.
  7028 | D:2      | Found Seikusm's Assorted Antiques.
  7216 | D:3      | Found an ornate altar of the Wu Jian Council.
  7320 | D:3      | Found a hazy altar of Hepliaklqana.
  7336 | D:3      | Became a worshipper of Hepliaklqana the Forgotten
 16714 | D:3      | Fell from the grace of Hepliaklqana
 16723 | D:3      | Became a worshipper of Hepliaklqana the Forgotten
 17970 | D:3      | Glimpsed the power of Zot.
 18470 | D:3      | Glimpsed the power of Zot.
 18870 | D:3      | Glimpsed the power of Zot.
 18970 | D:3      | Touched by the power of Zot (MHP 25 -> 18)
 18971 | D:3      | Glimpsed the power of Zot.
 19471 | D:3      | Glimpsed the power of Zot.
 19871 | D:3      | Glimpsed the power of Zot.
 19970 | D:3      | Touched by the power of Zot (MHP 17 -> 12)
 19971 | D:3      | Glimpsed the power of Zot.
 20042 | D:3      | Reached XP level 4. HP: 12/20 MP: 3/3
 20468 | D:3      | Glimpsed the power of Zot.
 20867 | D:3      | Glimpsed the power of Zot.
 20967 | D:3      | Touched by the power of Zot (MHP 20 -> 14)
 20968 | D:3      | Glimpsed the power of Zot.
 21468 | D:3      | Glimpsed the power of Zot.
 21868 | D:3      | Glimpsed the power of Zot.
 21967 | D:3      | Touched by the power of Zot (MHP 14 -> 9)
 21968 | D:3      | Glimpsed the power of Zot.
 22009 | D:3      | Slain by a gnoll

Illustrated notes

Levels and vault maps discovered:
D:1:      dpeg_arrival_short_road, layout_loops_ring, minmay_misc_feat_square
D:2:      cheibrodos_greedy_goblins, layout_basic, basic_altar, serial_shops,
          nicolae_shop_hallway_stairs
D:3:      layout_loops_ring, mainiacjoe_overflow_cross_hatched,
          lemuel_round_altar

Skill      XL: |  1  2 |
---------------+-------+-----
Armour         | 4 |  4.4
Fighting       | 4 |  4.4
Long Blades    | 3 |  3.5
Shields        | 4 |  4.3

Action                     |  1- 3 |  4- 6 || total
---------------------------+-------+-------++-------
  Melee: Long sword        |   109 |    13 ||   122
         Headbutt          |     9 |     2 ||    11
    Use: Scroll            |       |     4 ||     4
 Armour: Scale mail        |    89 |     8 ||    97
  Dodge: Dodged            |    45 |     7 ||    52
  Block: Buckler           |    21 |     2 ||    23

Table legend: (Time is in decaauts)
 A = Elapsed time spent in this place.
 B = Non-inter-level travel time spent in this place.
 C = Inter-level travel time spent in this place.
 D = Time resting spent in this place.
 E = Time spent auto-exploring this place.
 F = Levels seen in this place.
 G = Mean time per level.
                   A        B        C        D        E       F      G
               +--------+--------+--------+--------+--------+-----+--------+
         Total |  22042 |  21974 |     68 |  20258 |   1202 |   3 | 7347.3 |
       Dungeon |  22042 |  21974 |     68 |  20258 |   1202 |   3 | 7347.3 |
               +--------+--------+--------+--------+--------+-----+--------+

Top non-repeatable levels by time:
     D:3: 14798 daAuts
     D:1: 6537 daAuts
     D:2: 707 daAuts
